Map: Catalyst LE

Players

Sorry

  • Race: Terran Terran
  • League: Diamond
  • Spawn Location: 5:00

Root - Winner!

  • Race: Zerg Zerg
  • League: Platinum
  • Spawn Location: 11:00

VOD

Have the link to the VOD?

Description

Time

  • Played on: July 24, 2018, 2:14 a.m.
  • Length: 23:18
Show
View Real Time Build Order
Export as new Build Order

Sorry Terran 

Build Orders: 1/1/1, Cyclone Opening 

Get SALT Encoding   

  12  0:02  SCV  
  13  0:14  SCV  
  14  0:18  Supply Depot  
  14  0:27  Refinery  
  14  0:29  SCV  
  15  0:41  Barracks  
  15  0:45  SCV  
  16  0:57  SCV  
  16  0:59  Refinery  
  17  1:09  SCV  
  18  1:22  SCV  
  19  1:32  Factory  
  19  1:36  Barracks Reactor  
  19  1:38  SCV  
  20  1:54  Supply Depot  
  20  1:58  SCV  
  21  2:11  Orbital Command  
  21  2:14  Marine x2  
  23  2:20  Cyclone  
  26  2:29  Starport  
  26  2:36  Supply Depot  
  26  3:08  Barracks Tech Lab  
  26  3:11  Hellion x2  
  30  3:28  Factory  
  30  3:39  Supply Depot, Hellion x2  
  34  3:45  Raven  
  36  3:57  SCV  
  36  4:02  Supply Depot  
  37  4:06  Cyclone x2  
  37  4:09  SCV  
  44  4:45  Infernal Pre-Igniter  
  44  4:49  Starport Reactor  
  44  4:50  Siege Tank  
  47  5:08  Hellion x2  
  47  5:10  Command Center  
  51  5:21  Supply Depot  
  51  5:28  Siege Tank  
  54  5:43  Supply Depot, Hellion x2  
  38  6:35  Liberator x2  
  27  6:50  Hellion x2  
  35  6:57  Orbital Command  
  35  7:11  Hellion x2  
  35  7:15  Siege Tank  
  42  7:18  Liberator  
  42  7:33  Hellion x2  
  49  7:54  Cyclone x2  
  49  7:56  SCV  
  49  7:57  SCV  
  57  8:08  SCV  
  57  8:09  SCV  
  59  8:18  Siege Tank  
  62  8:20  SCV  
  62  8:21  SCV  
  61  8:56  SCV x2  
  61  9:00  Liberator  
  63  9:07  Armory x2  
  63  9:08  SCV x2  
  56  9:20  SCV x2  
  56  9:23  Refinery  
  61  9:25  Refinery  
  61  9:35  Hellion  
  61  9:36  Hellion  
  65  9:56  Hellion  
  65  9:57  Hellion  
  69  10:05  Liberator  
  66  10:18  Hellion x2  
  70  10:25  Siege Tank  
  76  10:39  Hellion  
  76  10:40  Hellion  
  78  10:57  Siege Tank  
  78  11:00  Cyclone  
  84  11:27  Cyclone  
  40  12:27  Siege Tank  
  43  12:32  Cyclone  
  43  12:33  Cyclone  
  46  13:00  Orbital Command  
  41  13:38  Hellion x2  
  45  13:43  Terran Vehicle And Ship Armor Level 1, Terran Vehicle Weapons Level 1  
  45  13:51  Liberator x2  
  45  13:52  Factory  
  45  13:54  Factory  
  45  13:55  SCV x2  
  46  13:59  Hellion x2  
  51  14:04  Thor  
  51  14:07  SCV  
  51  14:08  SCV  
  65  14:19  SCV  
  65  14:20  SCV  
  65  14:21  Hellion x2  
  65  14:22  Command Center  
  71  14:29  Engineering Bay  
  71  14:31  SCV  
  71  14:32  SCV  
  71  14:37  Supply Depot  
  73  14:42  Hellion x2  
  73  14:43  SCV  
  73  14:44  SCV  
  79  15:00  Supply Depot  
  79  15:09  Cyclone x2, Command Center  
  79  15:11  Command Center  
  85  15:20  Liberator x2  
  79  16:07  Orbital Command  
  79  16:14  Factory Tech Lab x2  
  79  16:27  Planetary Fortress  
  79  16:33  Missile Turret  
  79  16:34  SCV x3  
  79  16:38  Planetary Fortress  
  82  16:41  Missile Turret  
  82  16:46  SCV  
  83  16:52  Missile Turret  
  83  16:55  Siege Tank  
  86  17:02  Missile Turret  
  86  17:04  SCV  
  87  17:12  Refinery, Missile Turret  
  87  17:16  Refinery, SCV  
  87  17:20  Siege Tank  
  91  17:23  Missile Turret  
  91  17:24  Hellion x2  
  91  17:29  SCV  
  96  17:37  SCV  
  96  17:41  SCV  
  98  17:45  Hellion  
  98  17:46  Hellion  
  98  17:49  SCV  
  103  17:53  SCV  
  103  17:58  SCV x3  
  106  17:59  Liberator  
  106  18:01  SCV  
  106  18:02  Terran Vehicle And Ship Armor Level 2  
  106  18:05  Terran Vehicle Weapons Level 2, SCV  
  109  18:10  SCV x3  
  112  18:13  SCV  
  112  18:17  SCV  
  117  18:22  SCV  
  117  18:25  SCV  
  119  18:29  SCV  
  120  18:36  SCV x3  
  120  18:37  SCV  
  122  18:52  Liberator x2  
  126  19:13  Hellion x3  
  132  19:29  Command Center  
  132  20:06  Supply Depot  
  132  20:13  Hellion x4  
  142  20:14  Hellion  
  142  20:29  Supply Depot  
  142  20:35  Hellion x2  
  137  20:51  Supply Depot  
  124  21:20  Thor  
  124  21:23  Thor  
  136  21:26  Hellion x2  
  140  21:47  Hellion x2  
  101  22:09  Hellion x2  
  82  22:30  Hellion x2  
Show
View Real Time Build Order
Export as new Build Order

Root Zerg - Winner!

Build Orders: Hatch First 

Get SALT Encoding   

  12  0:01  Drone  
  13  0:09  Drone  
  14  0:18  Overlord  
  14  0:37  Drone x3  
  17  0:58  Hatchery, Drone  
  17  1:07  Drone  
  18  1:17  Spawning Pool  
  17  1:22  Extractor  
  17  1:24  Drone x2  
  18  2:06  Queen  
  18  2:07  Zergling x4  
  22  2:10  Queen  
  22  2:14  Drone  
  25  2:19  Zergling x4  
  27  2:34  Drone  
  27  2:35  Overlord  
  28  2:37  Overlord  
  28  2:53  Queen x2  
  32  3:03  Hatchery  
  31  3:06  Drone x3  
  31  3:07  Drone  
  31  3:12  Metabolic Boost  
  35  3:22  Drone  
  35  3:24  Drone x2  
  38  3:37  Drone  
  38  3:40  Drone x4  
  43  3:43  Overlord  
  43  3:53  Extractor  
  42  3:56  Baneling Nest  
  42  3:58  Zergling x6  
  44  4:09  Queen  
  46  4:12  Drone x3  
  46  4:14  Overlord  
  49  4:20  Queen  
  49  4:22  Drone  
  52  4:35  Drone x3  
  52  4:36  Drone x4  
  59  4:41  Lair  
  59  4:50  Overlord x2  
  59  4:57  Extractor  
  59  4:59  Extractor, Drone  
  58  5:00  Overlord  
  58  5:03  Overlord  
  58  5:10  Drone x4  
  58  5:11  Drone x2  
  64  5:22  Drone  
  64  5:24  Evolution Chamber  
  64  5:28  Roach Warren  
  63  5:42  Zergling x12  
  69  5:43  Zergling x4  
  69  5:48  Queen  
  65  6:06  Drone  
  57  6:16  Roach  
  57  6:17  Roach x7  
  57  6:18  Roach x3  
  69  6:25  Zergling x8  
  72  6:27  Drone  
  72  6:28  Drone x2  
  70  6:40  Roach x5  
  68  6:47  Drone  
  68  6:48  Queen  
  68  6:50  Queen  
  73  6:56  Roach x2  
  77  7:04  Drone x3  
  77  7:08  Roach  
  82  7:09  Zerg Ground Armor Level 1  
  82  7:12  Drone x2  
  84  7:17  Glial Reconstitution  
  84  7:22  Drone x3  
  86  7:38  Roach  
  86  7:39  Overlord x2  
  86  7:40  Overlord  
  88  7:54  Drone  
  88  7:56  Overlord x3  
  89  8:03  Roach  
  89  8:04  Roach x5  
  89  8:05  Roach  
  103  8:11  Drone  
  104  8:13  Drone x3  
  104  8:15  Drone  
  104  8:20  Queen  
  102  8:30  Ravager x5  
  102  8:31  Ravager x2  
  102  8:32  Roach  
  102  8:33  Roach  
  110  8:44  Drone x3  
  110  8:45  Drone x2  
  113  8:55  Queen  
  113  8:56  Drone x3  
  113  8:57  Drone x3  
  115  9:14  Roach x3  
  115  9:15  Roach x4  
  126  9:17  Zerg Melee Weapons Level 1  
  126  9:21  Ravager x2  
  128  9:26  Queen  
  130  9:32  Queen  
  130  9:35  Drone x4  
  130  9:36  Drone  
  130  9:38  Overlord  
  137  9:45  Extractor  
  136  9:46  Extractor  
  136  9:48  Ravager x3  
  133  10:04  Roach  
  133  10:05  Roach x6  
  133  10:06  Ravager  
  141  10:26  Drone x3  
  141  10:27  Drone  
  141  10:28  Drone  
  146  10:29  Overlord x3, Hatchery  
  125  10:43  Roach  
  125  10:44  Roach x4  
  135  10:56  Drone  
  136  11:02  Overlord x4  
  136  11:03  Evolution Chamber  
  135  11:09  Pneumatized Carapace  
  135  11:12  Infestation Pit  
  135  11:15  Hydralisk Den  
  135  11:16  Drone x5  
  135  11:17  Overlord, Drone x2  
  135  11:18  Overlord x2  
  92  11:43  Roach x3  
  92  11:44  Roach x7  
  104  11:55  Drone x3  
  104  11:56  Drone x3  
  104  12:01  Drone x3  
  111  12:04  Drone  
  111  12:05  Drone  
  110  12:14  Drone  
  110  12:15  Drone x3  
  112  12:21  Roach  
  112  12:22  Roach  
  116  12:23  Roach  
  116  12:29  Drone x3  
  112  12:43  Queen  
  114  12:44  Drone x2  
  114  12:45  Drone x3  
  104  13:07  Drone x4  
  104  13:08  Drone  
  104  13:09  Drone x3  
  104  13:12  Extractor  
  111  13:13  Extractor, Hive  
  111  13:17  Spire, Roach x3  
  111  13:18  Roach  
  117  13:30  Hydralisk x3  
  123  13:40  Zerg Missile Weapons Level 1, Zerg Ground Armor Level 2  
  122  13:46  Muscular Augments  
  122  14:00  Drone  
  122  14:01  Drone x3  
  122  14:02  Drone x2  
  128  14:03  Overlord x2  
  128  14:22  Drone x2  
  128  14:23  Drone x2  
  132  14:32  Hydralisk x7  
  146  14:42  Ultralisk Cavern  
  146  14:43  Corruptor  
  146  14:44  Corruptor x3  
  131  15:28  Zergling x2  
  131  15:29  Zergling x14  
  131  15:30  Zergling x2  
  131  15:31  Hydralisk x3  
  131  15:32  Hydralisk x2  
  140  15:41  Centrifical Hooks  
  140  15:43  Zerg Missile Weapons Level 2  
  140  15:46  Ultralisk x3  
  158  15:51  Hatchery  
  158  15:55  Overlord x4  
  157  16:11  Ultralisk  
  163  16:16  Baneling x16  
  163  16:17  Baneling x2, Hydralisk  
  165  16:20  Hatchery  
  164  16:46  Zergling x12  
  164  16:47  Zergling x12  
  176  17:14  Hydralisk x2  
  176  17:15  Hydralisk x6  
  182  17:19  Grooved Spines  
  192  17:27  Queen  
  194  18:10  Hydralisk x3  
  200  18:22  Baneling x10  
  200  18:23  Baneling x10  
  200  18:25  Zergling x4  
  188  18:56  Corruptor  
  188  18:57  Corruptor x4  
  188  19:00  Zergling x2  
  199  19:31  Zerg Missile Weapons Level 3, Zerg Ground Armor Level 3  
  199  19:36  Baneling x2  
  195  20:00  Baneling  
  195  20:01  Baneling x3  
  189  20:51  Zergling x4  
  189  20:52  Zergling x14  
  189  20:53  Zergling x4  
  189  20:55  Chitinous Plating  
  182  21:06  Hydralisk x4  
  186  21:26  Overlord  
  186  21:27  Overlord  
  186  21:28  Queen  
  188  21:35  Extractor  
  188  21:38  Extractor  
  186  21:41  Baneling  
  186  21:42  Baneling x14  
  186  21:43  Baneling x7  
  178  21:47  Zergling x2, Ultralisk x3  
  178  21:48  Hydralisk x3  
  178  21:49  Hydralisk x2  
  177  21:54  Hydralisk x2  
  177  21:55  Hydralisk x8  
  177  21:56  Hydralisk x5  
  177  21:57  Zergling x2  
  177  21:58  Zergling x16  
  177  21:59  Zergling x6  
  171  22:24  Ultralisk x3  
  171  22:26  Baneling x8  
  171  22:27  Baneling x18  
  171  22:28  Zergling x2, Ultralisk  
  195  23:06  Hatchery  
Tags
 
Add a new tag
Caveats
  • Supply blocks, unpowered buildings, or Contaminate may cause inaccurate times.
  • Supply counts are checked every 10 seconds.